 Dungeon Crawl Stone Soup version 0.28-a0-816-gb054d885db (webtiles) character file.

Game seed: 5281279153399424482

43411 mcbry74 the Nimble (level 13, -9/131 HPs)
             Began as a Troll Chaos Knight on Nov 8, 2021.
             Was a Plaything of Xom.
             Mangled by an alligator (11 damage)
             ... on level 5 of the Lair of Beasts.
             The game lasted 02:00:11 (15509 turns).

mcbry74 the Nimble (Troll Chaos Knight)            Turns: 15509, Time: 02:00:13

Health: -9/131     AC:  5    Str: 32 (33) XL:     13   Next: 90%
Magic:  12/12      EV: 12    Int:  3 (6)  God:    Xom [...*..]
Gold:   1430       SH:  0    Dex:  7 (9)  Spells: 12/12 levels left

rFire   + . .      SeeInvis .     - Unarmed
rCold   + . .      Faith    .   (no shield)
rNeg    . . .      Spirit   .   y - +0 swamp dragon scales
rPois   +          Reflect  .   (helmet restricted)
rElec   .          Harm     .   M - +1 cloak {Will+}
rCorr   .          Rampage  .   (gloves unavailable)
Will    +....                   (boots unavailable)
Stlth   ..........              w - amulet of the acrobat
HPRegen 1.31/turn               g - +6 ring of strength
MPRegen 0.13/turn               P - ring of flight

@: lethally poisoned (-9 -> -10), corroded, flying, studying Dodging, invisible,
unable to read
A: large, unfitting armour, claws 3, regeneration 1, shaggy fur 1, tough skin 1,
cold resistance 1, dopey 1, fire resistance 1, sense surroundings 1, subdued
magic 1, inability to read while threatened, MP-powered wands
a: Renounce Religion


You were on level 5 of the Lair of Beasts.
You worshipped Xom.
You were a favourite toy of Xom.
You visited 2 branches of the dungeon, and saw 16 of its levels.
You also visited: Ossuary and Bailey.

You collected 1430 gold pieces.

Inventory:

Missiles
 k - 2 javelins
 r - 3 boomerangs (quivered)
 B - 5 silver boomerangs
 J - 36 poisoned darts
Armour
 y - +0 swamp dragon scales (worn)
 E - +0 steam dragon scales
 L - +0 acid dragon scales
 M - a +1 cloak of willpower (worn)
 Q - the +1 robe of Pughuen {rPois rF+++ Will+ Slay-3}
   (You found it on level 5 of the Lair of Beasts)

   Slay:      It affects your accuracy & damage with ranged weapons and melee
   (-3).
   rF:        It renders you almost immune to fire.
   rPois:     It protects you from poison.
   Will:      It increases your willpower.
Jewellery
 g - a +6 ring of strength (left claw)
 n - an amulet of faith
 w - an amulet of the acrobat (around neck)
 A - a ring of poison resistance
 P - a ring of flight (right claw)
Wands
 q - a wand of charming (8)
 t - a wand of flame (75)
 x - a wand of acid (14)
 H - a wand of iceblast (7)
 N - a wand of mindburst (24)
Scrolls
 a - 2 scrolls of identify
 d - a scroll of summoning {unknown}
 h - 3 scrolls of noise {unknown}
 i - 2 scrolls of immolation {unknown}
 s - 9 scrolls of teleportation
 u - 4 scrolls of fear
 z - 3 scrolls of fog {unknown}
 C - a scroll of amnesia
 D - 2 scrolls of blinking {unknown}
 F - a scroll of silence {unknown}
 G - a scroll of brand weapon {unknown}
 I - a scroll of holy word {unknown}
 K - 2 scrolls of magic mapping {unknown}
 R - a scroll of enchant armour {unknown}
Potions
 b - 8 potions of ambrosia
 c - a potion of mutation
 e - a potion of magic
 f - a potion of haste
 m - 12 potions of curing
 o - 4 potions of resistance
Miscellaneous
 j - a phantom mirror


   Skills:
 + Level 9.4 Fighting
 + Level 9.9 Throwing
 + Level 6.9 Armour
 * Level 13.3 Dodging
 + Level 11.2 Unarmed Combat
 + Level 4.9 Evocations


You had 12 spell levels left.
You didn't know any spells.
Your spell library contained the following spells:

 Spells                   Type           Power      Damage    Failure   Level
 Apportation              Tloc           0%         N/A       58%         1
 Beastly Appendage        Tmut           0%         N/A       58%         1
 Freeze                   Ice            0%         1d3       58%         1
 Magic Dart               Conj           0%         1d3       58%         1
 Searing Ray              Conj           0%         2d4       73%         2
 Wereblood                Tmut           0%         N/A       73%         2
 Frozen Ramparts          Ice            0%         1d2       92%         3
 Spider Form              Tmut/Pois      0%         N/A       92%         3
 Animate Armour           Summ/Erth      0%         N/A       100%        4
 Flame Wave               Conj/Fire      0%         3d3       100%        4
 Fulminant Prism          Conj/Hex       0%         3d6       100%        4
 Hailstorm                Conj/Ice       0%         3d3       100%        4
 Iskenderun's Mystic Bla  Conj/Tloc      0%         2d3       100%        4
 Blade Hands              Tmut           0%         N/A       100%        5
 Freezing Cloud           Conj/Ice/Air   0%         6-21      100%        5
 Lee's Rapid Deconstruct  Erth           0%         3d5*      100%        5
 Iron Shot                Conj/Erth      0%         9d1       100%        6
 Malign Gateway           Summ/Tloc      0%         N/A       100%        7
 Orb of Destruction       Conj           0%         N/A       100%        7
 Summon Horrible Things   Summ           0%         N/A       100%        8


Dungeon Overview and Level Annotations

Branches:
Dungeon (10/15)            Temple (0/1) D:6            Lair (6/6) D:10
  Swamp (0/4) Lair:4       Spider (0/4) Lair:4        Slime (0/5) Lair:5
Ossuary (visited)          Bailey (visited)
    Orc: D:9-12

Altars:
Ashenzari
Dithmenos
Elyvilon
Fedhas
Hepliaklqana
Makhleb
Nemelex Xobeh
Okawaru
Ru
Sif Muna
Xom
The Shining One


Innate Abilities, Weirdness & Mutations

You are too large for most types of armour.
You have claws for hands.
Your natural rate of healing is unusually fast.
You are covered in fur. (AC +1)
You have tough skin. (AC +1)
Your flesh is cold resistant. (rC+)
You are dopey. (Int -2)
Your flesh is heat resistant. (rF+)
You passively map a small area around you.
Your spells are a little easier to cast, but a little less powerful.
You sometimes lose the ability to read scrolls when taking damage.
You expend magic power (3 MP) to strengthen your wands.


Message History

The wolf barely misses you. The goliath frog hits you from afar!
The acid corrodes you!
You are splashed with acid.
The wolf bites you. The wolf misses you. The black mamba bites you!
The wolf barely misses you. The alligator bites you!
The alligator tail-slaps you.
There is a stone staircase leading up, spattered with blood here.
The wolf closely misses you. The wolf barely misses you. The wolf bites you.
The black mamba bites you!
You feel threatened and lose the ability to read scrolls!
The wolf bites you! The wolf bites you but does no damage. The wolf bites you.
The wolf misses you. The goliath frog hits you from afar!
The acid corrodes you!
You are splashed with acid!
* * * LOW HITPOINT WARNING * * *
The wolf bites you but does no damage. The alligator barely misses you.
The alligator tail-slaps you.
* * * LOW HITPOINT WARNING * * *
The wolf bites you!
* * * LOW HITPOINT WARNING * * *
The wolf misses you. The black mamba bites you!
* * * LOW HITPOINT WARNING * * *
You emit a cloud of colourful smoke!
You are poisoned.
The black mamba poisons you! The wolf bites you!
* * * LOW HITPOINT WARNING * * *
You fly upwards.
You feel very sick.
There is a stone staircase leading down here.
It was a potion of invisibility.
You fade into invisibility!
You feel sick.
Xom gives a demonstration of destructive might.
The alligator is outlined in light.
The wolf is outlined in light. x4
The fungus is outlined in light.
The plant is outlined in light.
The fungus is outlined in light. x2; The plant is outlined in light.
The fungus is outlined in light. x2; The wolf bites you but does no damage.
The wolf misses you. The wolf barely misses you. The black mamba bites you.
* * * LOW HITPOINT WARNING * * *
The wolf bites you but does no damage. The wolf barely misses you.
The alligator closely misses you. The alligator tail-slaps you!
You die...
Xom laughs nastily!

...#........#### ###....## #..
...#........# ##.....### #..
............#####.......P########
........(.P...#..#.#P...P.##P.#P#
#.#...###..........#P............
##....###.............<....#.##P#
.#....#.#..#....h.P..^..###.#####
...........#.P.hthP......#### ##
....>.....#....h@P...P..## ##.
..........P....Shh.##..## #..
#.#....##....P.....###.# ##.
###...###...PP#P#### ### ##
###...###..PP#### ............##
.......#....# .........####
P.P...#.##


You could see an alligator (swift, corona), a black mamba and 6 wolves.

Vanquished Creatures
  A catoblepas (Lair:3)
  2 boulder beetles
  3 two-headed ogres
  An orc high priest (Bailey)
  2 bog bodies (Lair:4)
  2 orc knights (Bailey)
  A wizard (D:10)
  Pikel (D:4)
  3 black mambas
  8 elephants
  12 cane toads
  2 rime drakes
  8 komodo dragons
  Maggie (D:6)
  A kobold demonologist (Bailey)
  A meliai (Lair:1)
  3 polar bears
  A queen bee (Lair:1)
  2 jumping spiders (Lair:4)
  A hornet (D:9)
  2 trolls (D:10)
  2 slime creatures (Lair:5)
  Prince Ribbit (D:9)
  6 blink frogs
  7 redbacks (Lair:4)
  5 large abominations
  A vampire (D:9)
  3 wraiths
  47 yaks
  3 wyverns
  2 basilisks
  A golden eye (Lair:6)
  2 steam dragons
  A vampire mosquito (Lair:6)
  Edmund (D:6)
  6 small abominations (D:10)
  11 water moccasins
  3 acid dragons (D:10)
  2 ice beasts (D:7)
  2 swamp drakes
  4 black bears
  12 orc warriors
  A sky beast (D:6)
  28 wolves
  2 necrophages
  3 ogres
  3 centaurs
  2 kobold brigands
  2 elf zombies (Ossuary)
  20 bullfrogs
  A water moccasin zombie (D:6)
  4 scorpions
  2 water moccasin skeletons (D:5)
  19 killer bees
  4 wights (D:10)
  2 howler monkeys
  9 electric eels
  A bullfrog zombie (D:5)
  4 centaur zombies
  7 hounds
  3 jellies
  8 orc priests
  A gnoll shaman (D:9)
  A centaur skeleton (D:7)
  6 hell rats (Lair:3)
  4 iguanas
  11 orc wizards
  A hound skeleton (D:5)
  3 mummies
  2 howler monkey zombies
  16 gnolls
  10 adders
  A howler monkey skeleton (D:7)
  A shadow imp (D:6)
  3 white imps
  An adder skeleton (D:5)
  An adder zombie (Ossuary)
  A worm (D:3)
  3 dart slugs
  43 orcs
  5 bats
  5 endoplasms
  11 giant cockroaches
  13 hobgoblins
  2 jackals (D:2)
  6 kobolds
  6 quokkas
  3 ball pythons
  6 frilled lizards
  15 goblins
  2 goblin zombies (Ossuary)
  11 hobgoblin zombies (Ossuary)
  A jackal zombie (Ossuary)
  7 kobold zombies (Ossuary)
  9 orc zombies (Ossuary)
  7 rats
  A rat zombie (Ossuary)
524 creatures vanquished.

Vanquished Creatures (collateral kills)
  4 yaks
  A small abomination (D:10)
  A wolf (Lair:1)
  3 gnolls (D:4)
  2 orcs (D:8)
  A ball python (D:3)
12 creatures vanquished.

Vanquished Creatures (others)
  10 killer bees (Lair:1)
  A bush (D:9)
  22 fungi
  82 plants
115 creatures vanquished.

Grand Total: 651 creatures vanquished

Notes
Turn   | Place    | Note
-------+----------+-------------------------------------------
     0 | D:1      | mcbry74 the Troll Chaos Knight began the quest for the Orb.
     0 | D:1      | Reached XP level 1. HP: 22/22 MP: 0/0
    37 | D:1      | Reached skill level 2 in Dodging
    87 | D:1      | Reached XP level 2. HP: 29/29 MP: 1/1
   230 | D:1      | XOM: silly message
   327 | D:1      | Reached skill level 1 in Throwing
   338 | D:1      | Reached XP level 3. HP: 36/36 MP: 2/2
   377 | D:1      | XOM: silly message
   756 | D:1      | XOM: give mutation
   756 | D:1      | Gained mutation: You are agile. (Dex +2) [Xom's grace]
   783 | D:1      | XOM: give mutations
   783 | D:1      | Gained mutation: You sometimes lose the ability to read
                  | scrolls when taking damage. [Xom's mischief]
   783 | D:1      | Lost mutation: You are agile. (Dex +2) [Xom's mischief]
   947 | D:2      | XOM: god gift: phantom mirror
  1077 | D:2      | XOM is BORED!
  1077 | D:2      | XOM: summons 1 hostile shadow creature
  1108 | D:2      | Reached XP level 4. HP: 44/44 MP: 3/3
  1267 | D:2      | Found a faded altar of an unknown god.
  1270 | D:2      | Noticed an ogre
  1273 | D:2      | XOM: enchant monster (good)
  1274 | D:2      | XOM: potion effect (curing)
  1287 | D:2      | Killed an ogre
  1288 | D:2      | Reached XP level 5. HP: 53/53 MP: 4/4
  1750 | D:3      | Found a burning altar of Makhleb.
  2091 | D:3      | Noticed an ogre
  2102 | D:3      | Killed an ogre
  2103 | D:3      | Reached skill level 3 in Dodging
  2103 | D:3      | Reached XP level 6. HP: 49/61 MP: 5/5
  2411 | D:3      | XOM: noise
  2676 | D:4      | Found a sparkling altar of Nemelex Xobeh.
  2791 | D:4      | Noticed Pikel
  2793 | D:4      | XOM: summons 1 hostile demon
  2795 | D:4      | XOM: enchant monster (good)
  2824 | D:4      | Killed Pikel
  2825 | D:4      | Reached skill level 4 in Dodging
  2825 | D:4      | Reached skill level 5 in Unarmed Combat
  2825 | D:4      | Reached XP level 7. HP: 49/71 MP: 6/6
  2850 | D:4      | Found an iron altar of Okawaru.
  2973 | D:4      | XOM: stat loss: -1 Str (22/23)
  3280 | D:5      | Entered Level 5 of the Dungeon
  3280 | D:5      | Noticed a wraith
  3285 | D:5      | XOM: noise
  3288 | D:5      | XOM: scenery: create altars
  3297 | D:5      | Killed a wraith
  3298 | D:5      | Reached XP level 8. HP: 53/79 MP: 7/7
  3347 | D:5      | Found a sand-covered staircase.
  3379 | D:5      | XOM: stat loss: -1 Dex (8/9)
  3383 | D:5      | XOM: potion effect (invisibility)
  3415 | Ossuary  | Entered an ossuary
  3467 | Ossuary  | XOM: 2-stop teleportation journey
  3525 | Ossuary  | Reached skill level 5 in Fighting
  3527 | Ossuary  | XOM: silly message
  3528 | Ossuary  | XOM: cast spell 'Statue Form'
  3604 | Ossuary  | XOM: noise
  3644 | D:5      | Reached skill level 5 in Dodging
  3664 | D:5      | Reached skill level 5 in Throwing
  3854 | D:5      | Found a shimmering altar of Xom.
  3855 | D:5      | XOM: 2-stop teleportation journey
  3920 | D:5      | XOM: silly message
  3994 | D:5      | Reached XP level 9. HP: 88/88 MP: 8/8
  4062 | D:5      | Found a broken altar of Ashenzari.
  4269 | D:6      | XOM is BORED!
  4269 | D:6      | XOM: silly message
  4310 | D:6      | Noticed Edmund
  4320 | D:6      | XOM: silly message
  4333 | D:6      | XOM: potion effect (haste)
  4334 | D:6      | Killed Edmund
  4415 | D:6      | Found a staircase to the Ecumenical Temple.
  4827 | D:6      | XOM: divination: magic mapping
  4882 | D:6      | Noticed Maggie
  4887 | D:6      | Killed Maggie
  4888 | D:6      | Reached skill level 6 in Dodging
  5065 | D:7      | XOM: divination: magic mapping
  5070 | D:7      | XOM: enchant monster (good)
  5158 | D:7      | Reached skill level 1 in Armour
  5167 | D:7      | Found a flagged portal.
  5167 | D:7      | XOM: 1-stop teleportation journey
  5176 | Bailey   | Entered a bailey
  5231 | Bailey   | Found an iron altar of Okawaru.
  5231 | Bailey   | Noticed a kobold demonologist
  5239 | Bailey   | XOM: polymorph hobgoblin -> giant cockroach
  5242 | Bailey   | Killed a kobold demonologist
  5243 | Bailey   | Reached XP level 10. HP: 95/100 MP: 9/9
  5248 | Bailey   | Noticed an orc high priest
  5275 | Bailey   | XOM: divination: detect creatures
  5278 | Bailey   | XOM: confuse monster(s)
  5289 | Bailey   | Killed an orc high priest
  5304 | Bailey   | Noticed an orc knight
  5328 | Bailey   | Killed an orc knight
  5422 | Bailey   | Noticed an orc knight
  5432 | Bailey   | Killed an orc knight
  5534 | Bailey   | XOM: confuse monster(s)
  5571 | Bailey   | Got the Disquisition on the Glacial Arsonist
  5620 | Bailey   | XOM: 1-stop teleportation journey
  6045 | D:7      | Acquired 440 gold pieces
  6047 | D:7      | Acquired a manual of Dodging
  6067 | D:7      | XOM: scenery: summon butterflies
  6437 | D:7      | Reached skill level 7 in Dodging
  6720 | D:8      | Found a white marble altar of Elyvilon.
  6720 | D:8      | Found a glowing golden altar of the Shining One.
  6734 | D:8      | Noticed a two-headed ogre
  6740 | D:8      | Killed a two-headed ogre
  6868 | D:8      | Found a shimmering blue altar of Sif Muna.
  7010 | D:8      | Reached XP level 11. HP: 107/109 MP: 10/10
  7044 | D:8      | XOM: blink monster(s)
  7049 | D:8      | XOM: divination: detect items
  7061 | D:8      | XOM: fog
  7065 | D:8      | XOM: enchant monster (bad)
  7188 | D:8      | Identified the +5 long sword of the Moon {flame, rPois rN+
                  | rCorr Dex-3}
  7415 | D:9      | XOM: enchant monster (bad)
  7538 | D:9      | XOM: swap monsters
  7597 | D:9      | Noticed Prince Ribbit
  7606 | D:9      | XOM: blink monster(s)
  7619 | D:9      | XOM: enchant monster (bad)
  7625 | D:9      | Killed Prince Ribbit
  7750 | D:9      | Found a blossoming altar of Fedhas.
  7939 | D:9      | Found a shadowy altar of Dithmenos.
  8132 | D:9      | XOM: enchant monster (good)
  8137 | D:9      | Reached skill level 8 in Dodging
  8239 | D:9      | Reached skill level 1 in Evocations
  8584 | D:9      | XOM: give mutation
  8584 | D:9      | Gained mutation: Your spells are a little easier to cast,
                  | but a little less powerful. [Xom's mischief]
  8688 | D:10     | Entered Level 10 of the Dungeon
  8754 | D:10     | XOM: summons 1 hostile shadow creature
  8755 | D:10     | XOM: enchant monster (good)
  8767 | D:10     | XOM: summons friendly shadow imp
  8818 | D:10     | Noticed a two-headed ogre
  8831 | D:10     | Killed a two-headed ogre
  8876 | D:10     | Found a staircase to the Lair.
  8882 | D:10     | XOM: stat loss: -1 Int (7/8)
  9064 | D:10     | Noticed a boulder beetle
  9078 | D:10     | XOM: scenery: create altars
  9080 | D:10     | XOM: polymorph orc warrior -> scorpion
  9084 | D:10     | XOM: summons friendly crimson imp
  9096 | D:10     | XOM: scenery: summon butterflies
  9099 | D:10     | XOM: polymorph butterfly -> killer bee
  9140 | D:10     | Killed a boulder beetle
  9270 | D:10     | XOM: give mutation
  9270 | D:10     | Lost mutation: You sometimes lose the ability to read
                  | scrolls when taking damage. [Xom's mischief]
  9674 | D:10     | Found a sacrificial altar of Ru.
  9683 | D:10     | XOM: 1-stop teleportation journey
  9712 | D:10     | XOM: give mutations
  9712 | D:10     | Gained mutation: You sometimes lose the ability to read
                  | scrolls when taking damage. [Xom's mischief]
  9712 | D:10     | Gained mutation: You expend magic power (3 MP) to
                  | strengthen your wands. [Xom's mischief]
  9712 | D:10     | Gained mutation: You are dopey. (Int -2) [Xom's mischief]
  9771 | D:10     | Reached skill level 9 in Dodging
  9804 | D:10     | Noticed a two-headed ogre
  9813 | D:10     | Killed a two-headed ogre
  9875 | D:10     | XOM: silly message
  9897 | D:10     | Noticed a wizard
  9905 | D:10     | Killed a wizard
  9916 | D:10     | XOM: enchant monster (good)
  9921 | D:10     | XOM: summons 1 hostile demon
  9922 | D:10     | XOM: blink monster(s)
  9936 | D:10     | XOM: blink monster(s)
  9937 | D:10     | XOM: summons 2 friendly demons
  9953 | D:10     | XOM: enchant monster (bad)
  9958 | D:10     | XOM: summons 10 friendly demons
  9975 | D:10     | XOM: repel stairs
  9977 | D:10     | Reached XP level 12. HP: 77/119 MP: 11/11
  9981 | D:10     | XOM: swap monsters
  9982 | D:10     | XOM: scenery: 1 doors open
 10003 | D:10     | XOM: confusion (+ monsters)
 10010 | D:9      | XOM: cleaving
 10142 | D:10     | Got the Collected Works on Lethal Translocation
 10199 | D:10     | Reached skill level 5 in Armour
 10223 | D:10     | Found a hazy altar of Hepliaklqana.
 10356 | Lair:1   | Entered Level 1 of the Lair of Beasts
 10513 | Lair:1   | XOM: noise
 10519 | Lair:1   | Reached skill level 10 in Dodging
 10519 | Lair:1   | Reached skill level 10 in Unarmed Combat
 10526 | Lair:1   | XOM: 4-stop teleportation journey
 10531 | Lair:1   | XOM: enchant monster (good)
 10591 | Lair:1   | XOM: 3-stop teleportation journey
 10667 | Lair:1   | XOM: god gift: 58 gold pieces
 10736 | Lair:1   | XOM: scenery: 1 doors open, 1 doors close
 10857 | Lair:1   | XOM is BORED!
 10918 | Lair:1   | XOM: scenery: 2 doors open, 1 doors close
 10955 | Lair:1   | XOM: cleaving
 11034 | Lair:1   | XOM: destruction
 11043 | Lair:1   | XOM: give mutations
 11043 | Lair:1   | Gained mutation: You passively map a small area around you.
                  | [Xom's grace]
 11043 | Lair:1   | Gained mutation: Your flesh is heat resistant. (rF+) [Xom's
                  | grace]
 11043 | Lair:1   | Gained mutation: Your flesh is cold resistant. (rC+) [Xom's
                  | grace]
 11055 | Lair:1   | XOM: polymorph killer bee -> swamp drake
 11115 | Lair:1   | XOM: 1-stop teleportation journey
 11224 | Lair:1   | Reached skill level 11 in Dodging
 11393 | Lair:1   | XOM: god gift: book of Changes
 11485 | Lair:1   | XOM: blink monster(s)
 11486 | Lair:1   | XOM: scenery: create altars
 11501 | Lair:1   | XOM: polymorph polar bear -> meliai
 11630 | Lair:1   | XOM: smoke on damage
 11685 | Lair:1   | XOM: summons 8 friendly demons
 11691 | Lair:1   | XOM: confusion (+ monsters)
 11692 | Lair:1   | XOM: polymorph wolf -> water moccasin
 11723 | Lair:2   | XOM: cast spell 'Shadow Creatures'
 11729 | Lair:2   | XOM: summons 2 friendly demons
 11857 | Lair:2   | XOM: 5-stop teleportation journey
 11888 | Lair:2   | XOM: 5-stop teleportation journey
 11969 | Lair:2   | XOM: scenery: 1 doors open
 12151 | Lair:2   | Reached XP level 13. HP: 130/130 MP: 12/12
 12221 | Lair:2   | XOM: cloud trail
 12682 | Lair:3   | XOM: smoke on damage
 12757 | Lair:3   | XOM: cleaving
 13435 | Lair:4   | XOM: enchant monster (bad)
 13439 | Lair:4   | Reached skill level 12 in Dodging
 13443 | Lair:4   | XOM: enchant monster (good)
 13558 | Lair:4   | XOM: swap monsters
 13564 | Lair:4   | Found a hole to the Spider Nest.
 13571 | Lair:4   | XOM: confuse monster(s)
 13737 | Lair:4   | Found a staircase to the Swamp.
 13801 | Lair:4   | XOM: confusion (+ monsters)
 13817 | Lair:4   | XOM: enchant monster (bad)
 14388 | Lair:5   | XOM: chaos cloud
 14497 | Lair:5   | XOM: silly message
 14657 | Lair:5   | Found a staircase to the Slime Pits.
 14742 | Lair:5   | XOM: summons friendly ufetubus
 14787 | Lair:5   | Identified the +1 robe of Pughuen {rPois rF+++ Will+
                  | Slay-3}
 14794 | Lair:5   | XOM: torment (67/131 hp)
 14981 | Lair:5   | XOM: summons friendly white imp
 15051 | Lair:5   | Reached skill level 13 in Dodging
 15057 | Lair:5   | XOM: smoke on damage
 15182 | Lair:6   | Entered Level 6 of the Lair of Beasts
 15243 | Lair:6   | XOM: 1-stop teleportation journey
 15254 | Lair:6   | XOM: blink monster(s)
 15263 | Lair:6   | XOM: swap monsters
 15264 | Lair:6   | HP: 3/131 [alligator (16)]
 15266 | Lair:6   | XOM: 5-stop teleportation journey
 15306 | Lair:6   | XOM: polymorph blink frog -> golden eye
 15391 | Lair:6   | XOM: potion effect (haste)
 15458 | Lair:6   | XOM: divination: detect creatures
 15459 | Lair:6   | XOM: confuse monster(s)
 15463 | Lair:6   | XOM: destruction
 15487 | Lair:5   | XOM: polymorph blink frog -> swamp drake
 15507 | Lair:6   | XOM: smoke on damage
 15508 | Lair:5   | HP: 6/131 [poisoned by a black mamba]
 15509 | Lair:5   | XOM: fake destruction
 15509 | Lair:5   | HP: 2/131 [black mamba (3)]
 15509 | Lair:5   | Mangled by an alligator

Illustrated notes

Levels and vault maps discovered:
D:1:      onia_arrival_handbag, layout_basic, minivault_26
D:2:      layout_loops_ring, ebering_ecumenical_altar_hall
D:3:      layout_basic, nicolae_overflow_crystal_walls,
          kennysheep_big_empty_room, ebering_dispersal_statue_hall
D:4:      layout_rooms, okawaru_metal_pillars_1_2,
          nemelex_xobeh_ov_fountains_minmay, minivault_26, uniq_pikel
D:5:      layout_rooms, mainiacjoe_overflow_24_doors,
          mainiacjoe_overflow_alcove_4, gup_ossuary_entry_pyramid
D:6:      layout_basic, temple_doors_e, st_stairs_4, uniq_maggie, uniq_edmund
D:7:      wander_river, layout_cave_pools, enter_bailey_6, st_stairs_12
D:8:      layout_loops_ring, jmf_multi_god_temple, lemuel_round_altar
D:9:      layout_cave_pods, mainiacjoe_overflow_tiny_flanked, fedhas_altar_4,
          lemuel_flame_loot_1, uniq_prince_ribbit1
D:10:     kennysheep_ambush_hall, layout_irregular_city,
          worldfamousw_hep_ancestral_shrine, nicolae_ru_sacrificial_ziggurat,
          erik_lair_island, laboratory
Lair:1:   layout_roguey [special_room_bee], gammafunk_lair_bear_cave
Lair:2:   layout_regular_city, serial_bayou_shore_b, serial_bayou_shore_a
Lair:3:   layout_hall_layers
Lair:4:   layout_roguey, skrybe_swamp_entry_bodies,
          nicolae_spider_entry_tight_spaces
Lair:5:   layout_misc_corridors, minmay_slime_entry_pillars, lemuel_fruit_tree
Lair:6:   minmay_lair_end_frog_pond, layout_cellular_growth, st_stairs_8,
          grunt_forest_large_clearings, infiniplex_staircase_pool_2

Skill      XL: |  1  2  3  4  5  6  7  8  9 10 11 12 13 |
---------------+----------------------------------------+-----
Dodging        | 2 3 4 5 6 7 9 11 13 | 13.3
Throwing       | 1 2 3 4 5 6 7 8 9 |  9.9
Fighting       | 3 4 5 6 7 8 9 |  9.4
Unarmed Combat | 4 5 6 7 8 9 10 11 | 11.2
Armour         | 1 3 4 5 6 |  6.9
Evocations     | 2 3 4 |  4.9

Action                   |  1- 3 |  4- 6 |  7- 9 | 10-12 | 13-15 || total
-------------------------+-------+-------+-------+-------+-------++-------
Melee: Unarmed           |   102 |   124 |   347 |   708 |   324 ||  1605
       Punch             |       |     2 |    11 |    42 |    22 ||    77
Throw: Stone             |       |    45 |       |       |       ||    45
       Javelin           |       |     2 |       |       |     1 ||     3
       Throwing net      |       |     1 |     1 |       |       ||     2
       Boomerang         |       |       |    15 |    88 |   118 ||   221
Evoke: Wand              |       |       |       |       |     1 ||     1
  Use: Potion            |       |     1 |     3 |     3 |     5 ||    12
       Scroll            |       |       |       |    11 |       ||    11
 Stab: Petrified         |       |     9 |       |     5 |       ||    14
       Sleeping          |       |     1 |       |       |       ||     1
       Invisible         |       |       |     4 |       |       ||     4
       Confused          |       |       |       |     4 |       ||     4
Armor: Robe              |    52 |    31 |    81 |       |       ||   164
       Skin              |       |       |    19 |    12 |       ||    31
       Swamp dragon scal |       |       |    29 |   169 |   170 ||   368
Dodge: Dodged            |    48 |    48 |   186 |   462 |   321 ||  1065

Table legend: (Time is in decaauts)
 A = Elapsed time spent in this place.
 B = Non-inter-level travel time spent in this place.
 C = Inter-level travel time spent in this place.
 D = Time resting spent in this place.
 E = Time spent auto-exploring this place.
 F = Levels seen in this place.
 G = Mean time per level.
                   A        B        C        D        E       F      G
               +--------+--------+--------+--------+--------+-----+--------+
         Total |  15285 |  14821 |    464 |   1502 |   9036 |  18 |  849.2 |
       Dungeon |   9182 |   8877 |    305 |    842 |   5775 |  10 |  918.2 |
          Lair |   5019 |   4860 |    159 |    427 |   2972 |   6 |  836.5 |
       Ossuary |    219 |    219 |      0 |      0 |     65 |   1 |  219.0 |
        Bailey |    864 |    864 |      0 |    233 |    223 |   1 |  864.0 |
               +--------+--------+--------+--------+--------+-----+--------+

Top non-repeatable levels by time:
    D:10: 1574 daAuts
     D:9: 1366 daAuts
  Lair:1: 1298 daAuts
  Lair:4: 1181 daAuts
     D:3: 975 daAuts
  Lair:2: 899 daAuts
     D:1: 876 daAuts
     D:6: 867 daAuts
  Bailey: 864 daAuts
     D:2: 833 daAuts
     D:8: 807 daAuts
  Lair:5: 787 daAuts
     D:5: 643 daAuts
     D:4: 634 daAuts
     D:7: 603 daAuts
